 Dungeon Crawl Stone Soup version 0.20.0-15-g7f486f2 (webtiles) character file.

499 Inarius the Digger (level 7, -1/36 HPs)
             Began as a Gargoyle Earth Elementalist on June 25, 2017.
             Was a Follower of Hepliaklqana.
             Killed from afar by Sigmund (9 damage)
             ... with a puff of flame
             ... on level 5 of the Dungeon.
             The game lasted 00:12:00 (4200 turns).

Inarius the Digger (Gargoyle Earth Elementalist)    Turns: 4200, Time: 00:12:01

Health: -1/36      AC:  9    Str: 11    XL:     7   Next: 16%
Magic:  9/12       EV: 12    Int: 18    God:    Hepliaklqana [*.....]
Gold:   169        SH:  0    Dex: 10    Spells: 4/12 levels left

rFire    . . .     SeeInvis .   j - +2 dagger (venom)
rCold    . . .     Gourm    .   (no shield)
rNeg     + . .     Faith    .   l - +0 leather armour
rPois    ∞         Spirit   .   o - +0 hat
rElec    +         Reflect  .   (no cloak)
rCorr    .         Harm     .   (no gloves)
MR       .....                  h - +0 pair of boots
Stlth    +.........             (no amulet)
Regen    0.2/turn               (no ring)
MPRegen  0.2/turn               (no ring)

@: confused, very slightly contaminated
A: reduced essence, negative energy resistance 1, electricity resistance,
unbreathing, petrification resistance, rot immunity, AC +4
a: Recall Ancestor, Ancestor Identity, Renounce Religion


You were on level 5 of the Dungeon.
You worshipped Hepliaklqana.
Hepliaklqana was aware of your devotion.
You were not hungry.

You visited 1 branch of the dungeon, and saw 5 of its levels.

You collected 169 gold pieces.

Inventory:

Hand Weapons
 j - a +2 dagger of venom (weapon)
Missiles
 b - 88 stones (quivered)
Armour
 h - a +0 pair of boots (worn)
 l - a +0 leather armour (worn)
 o - a +0 hat (worn)
 q - a +0 scale mail
 w - a +0 ring mail
Wands
 m - a wand of acid (11/15)
Scrolls
 a - 2 scrolls of teleportation
 c - 2 scrolls of enchant weapon {unknown}
 i - a scroll of amnesia {unknown}
 k - a scroll of recharging {unknown}
 n - a scroll of fear {unknown}
 s - a scroll of enchant armour {unknown}
 t - a scroll of remove curse
 y - a scroll of immolation {unknown}
 C - a scroll of fog {unknown}
 E - a scroll of blinking {unknown}
Potions
 f - 2 potions of mutation {unknown}
 g - 5 potions of lignification {unknown}
 v - a potion of haste
 x - a potion of heal wounds {unknown}
 z - a potion of magic {unknown}
 A - a potion of resistance
 D - 3 potions of curing {unknown}
 F - a potion of might {unknown}
Books
 e - a book of Geomancy

   Spells                             Type                      Level
   a - Sandblast                      Earth                        1
   b - Passwall                       Transmutation/Earth          2
   c - Stone Arrow                    Conjuration/Earth            3
   d - Petrify                        Transmutation/Earth          4
   e - Lee's Rapid Deconstruction     Earth                        5
Comestibles
 d - 4 bread rations
 p - 3 fruits
 r - 4 meat rations
 u - 2 royal jellies
 B - 6 chunks of flesh


   Skills:
 * Level 2.8 Fighting
 * Level 3.7 Armour
 + Level 2.5 Dodging
 - Level 2.1 Stealth
 + Level 3.3 Spellcasting
 * Level 1.5 Conjurations
 * Level 1.9 Transmutations
 + Level 4.8 Earth Magic


You had 4 spell levels left.
You knew the following spells:

 Your Spells              Type           Power        Failure   Level  Hunger
a - Sandblast             Erth           ###...       2%          1    None
b - Stone Arrow           Conj/Erth      ##....       16%         3    ###....
c - Petrify               Tmut/Erth      ###.....     45%         4    ####...


Dungeon Overview and Level Annotations

Branches:
Dungeon (5/15)
 Temple: D:4-7

Altars:
Ashenzari
Fedhas
Gozag
Hepliaklqana
Okawaru
Ru
Xom
Yredelemnul

Annotations:
D:5 Sigmund


Innate Abilities, Weirdness & Mutations

You are resistant to torment.
Your stone body is resilient. (AC +4)
You are immune to poison.
You resist negative energy. (rN+)
You are resistant to electric shocks. (rElec)
You can survive without breathing.
You are immune to petrification.
You are immune to rotting.
Your life essence is reduced. (-10% HP)


Message History

You bump into the rock wall.
Citlalmina barely misses something.
You bump into the rock wall.
Something completely misses you.
Citlalmina hits something!
Citlalmina barely misses something.
You hear some strange, mumbled words.
You are more confused.
Citlalmina hits something.
A magic dart appears from out of thin air!
The magic dart hits you!
Citlalmina misses something.
A puff of flame appears from out of thin air!
The puff of flame hits you!
* * * LOW HITPOINT WARNING * * *
You're too confused to cast spells.
Unknown command.
Unknown command.
Citlalmina barely misses something.
A puff of flame appears from out of thin air!
The puff of flame hits you!
You die...

........#..........#
........'..........#
........#.##.......#
.......<#.##.......# .
.####.#.#.########## ####. .
#.#.#.#############.... #
.#.##.#...#.............# .###
.......####.............####...##
##.....÷###.....@.......#........
..............................>#
#.###.#..##..........{.##.#.####
#. #.##.##...........R##<# .
.....##...............#
.......#...............#
........#..........._...#
.........................#
######..##.............#


You could see the friendly Citlalmina the ancestor.

Vanquished Creatures
  3 hounds (D:4)
  A centaur zombie (D:4)
  2 orc wizards
  3 worker ants
  3 gnolls
  6 adders
  A worm (D:4)
  A dart slug (D:3)
  A leopard gecko (D:3)
  8 orcs
  2 ball pythons
  4 giant cockroaches
  13 goblins
  4 hobgoblins
  2 quokkas (D:2)
  8 bats
  2 frilled lizards (D:2)
  14 kobolds
  A leopard gecko skeleton (D:3)
  4 rats
  A spectral orc (D:2)
84 creatures vanquished.

Vanquished Creatures (collateral kills)
  Blork the orc (D:4)
  3 orcs (D:4)
  2 goblins (D:2)
  A hobgoblin (D:3)
  A ball python (D:5)
  A frilled lizard (D:4)
  A jackal skeleton (D:4)
  2 kobolds
  A rat (D:3)
13 creatures vanquished.

Vanquished Creatures (others)
  An ancestor (D:4)
1 creature vanquished.

Grand Total: 98 creatures vanquished

Notes
Turn   | Place    | Note
-------+----------+-------------------------------------------
     0 | D:1      | Inarius the Gargoyle Earth Elementalist began the quest for the Orb.
     0 | D:1      | Reached XP level 1. HP: 10/10 MP: 3/3
   157 | D:1      | Reached XP level 2. HP: 15/15 MP: 3/5
   244 | D:1      | Reached skill level 4 in Earth Magic
   782 | D:1      | Reached XP level 3. HP: 20/20 MP: 3/6
  1228 | D:2      | Found a basalt altar of Yredelemnul.
  1281 | D:2      | Learned a level 3 spell: Stone Arrow
  1402 | D:2      | Found a shattered altar of Ashenzari.
  1577 | D:2      | Found a hazy altar of Hepliaklqana.
  1578 | D:2      | Found a shimmering altar of Xom.
  1578 | D:2      | Noticed an earth elemental
  1583 | D:2      | Reached skill level 1 in Armour
  1583 | D:2      | Reached XP level 4. HP: 22/24 MP: 8/8
  1585 | D:2      | Noticed a spectral ugly thing
  1585 | D:2      | Noticed an earth elemental
  1588 | D:2      | Became a worshipper of Hepliaklqana the Forgotten
  1619 | D:2      | Found an iron altar of Okawaru.
  1843 | D:2      | Found a sacrificial altar of Ru.
  1860 | D:2      | Reached skill level 1 in Fighting
  1880 | D:2      | Learned a level 4 spell: Petrify
  2146 | D:3      | Reached XP level 5. HP: 26/26 MP: 9/9
  2273 | D:3      | Reached * piety under Hepliaklqana
  2310 | D:3      | Reached skill level 1 in Transmutations
  2566 | D:3      | Found an opulent altar of Gozag.
  2968 | D:3      | Reached XP level 6. HP: 10/31 MP: 10/10
  3542 | D:4      | Noticed Blork the orc
  3549 | D:4      | Killed Blork the orc
  3549 | D:4      | Reached skill level 1 in Conjurations
  3761 | D:4      | Reached XP level 7. HP: 36/36 MP: 12/12
  4002 | D:4      | Found a blossoming altar of Fedhas.
  4121 | D:5      | Entered Level 5 of the Dungeon
  4162 | D:5      | Found an opulent altar of Gozag.
  4168 | D:5      | Noticed Sigmund
  4200 | D:5      | Killed from afar by Sigmund

Skill      XL: |  1  2  3  4  5  6 |
---------------+-------------------+-----
Earth Magic    | 4 |  4.8
Armour         | 1 2 3 |  3.7
Fighting       | 1 2 |  2.8
Spellcasting   | 3 |  3.3
Transmutations | 1 |  1.9
Dodging        | 2 |  2.5
Conjurations   | 1 |  1.5
Stealth        | |  2.1

Action                   |  1- 3 |  4- 6 |  7- 9 || total
-------------------------+-------+-------+-------++-------
Melee: Unarmed           |    11 |       |       ||    11
       Dagger            |    54 |   127 |    25 ||   206
 Cast: Sandblast         |    42 |     9 |       ||    51
       Stone Arrow       |       |     6 |     2 ||     8
  Use: Scroll            |       |     3 |       ||     3
 Stab: Distracted        |       |     2 |       ||     2
       Paralysed         |       |     1 |       ||     1
       Sleeping          |       |     1 |       ||     1
  Eat: Chunk             |     3 |     7 |     2 ||    12
Armor: Robe              |     9 |       |       ||     9
       Leather armour    |    40 |    63 |    12 ||   115
Dodge: Dodged            |    51 |    92 |    16 ||   159
